 Dungeon Crawl Stone Soup version 0.20-a0-454-g2b43fbb (webtiles) character file.

132 HarleyQuinn the Magician (level 4, -4/24 HPs)
             Began as a Deep Elf Conjurer on Jan 8, 2017.
             Was an Initiate of Ashenzari.
             Slain by a scorpion (6 damage)
             ... on level 4 of the Dungeon.
             The game lasted 00:07:11 (4369 turns).

HarleyQuinn the Magician (Deep Elf Conjurer)        Turns: 4369, Time: 00:07:11

Health: -4/24      AC:  3    Str:  5    XL:     4   Next: 92%
Magic:  5/14       EV: 13    Int: 21    God:    Ashenzari [......]
Gold:   220        SH:  0    Dex: 19    Spells: 12/15 levels left

rFire  . . .     SeeInvis +     q - +2 short sword (venom) (curse)
rCold  . . .     Gourm    .     a - +0 robe
rNeg   . . .     Faith    .     (no shield)
rPois  .         Spirit   .     o - +1 hat {SInv} (curse)
rElec  .         Reflect  .     (no cloak)
rCorr  .         Harm     .     (no gloves)
MR     .....                    (no boots)
Stlth  ++........               (no amulet)
                                (no ring)
                                r - +4 ring of dexterity

@: lethally poisoned (-4 -> -22)
A: no striking features
a: Curse Item, Renounce Religion


You were on level 4 of the Dungeon.
You worshipped Ashenzari.
Ashenzari was noncommittal.
You were hungry.

You visited 1 branch of the dungeon, and saw 4 of its levels.

You collected 220 gold pieces.

Inventory:

Hand Weapons
 q - a cursed +2 short sword of venom (weapon)
Armour
 a - a +0 robe (worn)
 o - a cursed +1 hat of see invisible (worn)
Jewellery
 r - a +4 ring of dexterity (left hand)
Scrolls
 e - 5 scrolls of recharging {unknown}
 f - 3 scrolls of magic mapping {unknown}
 g - 3 scrolls of random uselessness {unknown}
 h - a scroll of enchant armour {unknown}
 j - a scroll of fear {unknown}
 k - a scroll of blinking {unknown}
 m - 3 scrolls of identify {unknown}
 p - a scroll of teleportation {unknown}
Potions
 d - 2 potions of invisibility {unknown}
Books
 b - a book of Conjurations

   Spells                             Type                      Level
   a - Magic Dart                     Conjuration                  1
   b - Searing Ray                    Conjuration                  2
   c - Dazzling Spray                 Conjuration/Hexes            3
   d - Fulminant Prism                Conjuration/Hexes            4
   e - Iskenderun's Mystic Blast      Conjuration                  4
   f - Iskenderun's Battlesphere      Conjuration/Charms           5
Comestibles
 c - 3 bread rations
 i - a fruit
 l - a meat ration
 n - a beef jerky


   Skills:
 - Level 2.4 Dodging
 - Level 2.4 Stealth
 - Level 6.0 Spellcasting
 + Level 5.3 Conjurations


You had 12 spell levels left.
You knew the following spells:

 Your Spells              Type           Power        Failure   Level  Hunger
a - Magic Dart            Conj           ####         1%          1    None
b - Searing Ray           Conj           ####..       1%          2    None


Dungeon Overview and Level Annotations

Branches:
Dungeon (4/15)
 Temple: D:4-7

Altars:
Ashenzari


Message History

The searing ray hits the scorpion.
The scorpion is moderately wounded.
You feel sick. The scorpion stings you.
The searing ray hits the scorpion.
The scorpion is moderately wounded.
You feel sick. The scorpion stings you!
* * * LOW HITPOINT WARNING * * *
You are more poisoned.
The scorpion poisons you!
The searing ray hits the scorpion.
The scorpion is moderately wounded.
* * * LOW HITPOINT WARNING * * *
You feel sick. The scorpion stings you.
* * * LOW HITPOINT WARNING * * *
The searing ray hits the scorpion.
The scorpion is almost dead.
You finish channeling your searing ray.
* * * LOW HITPOINT WARNING * * *
You feel sick. The scorpion stings you.
You die...

## .. .#
####..#
#.@...#
#..s......
#......###
#......#
#......#
##.#####
..# ###


You could see a scorpion.

Vanquished Creatures
  Natasha (D:2)
  3 adders
  2 worms
  2 dart slugs
  2 leopard geckos (D:1)
  An orc (D:3)
  A ball python (D:2)
  2 bats (D:2)
  2 giant cockroaches
  13 goblins
  13 hobgoblins
  7 kobolds
  2 quokkas (D:2)
  4 frilled lizards
  7 rats
62 creatures vanquished.

Notes
Turn   | Place    | Note
-------+----------+-------------------------------------------
     0 | D:1      | HarleyQuinn the Deep Elf Conjurer began the quest for the Orb.
     0 | D:1      | Reached XP level 1. HP: 10/10 MP: 6/6
   368 | D:1      | Reached XP level 2. HP: 12/15 MP: 4/8
   372 | D:1      | Reached skill level 4 in Spellcasting
   979 | D:1      | Learned a level 2 spell: Searing Ray
  1666 | D:2      | Reached XP level 3. HP: 12/19 MP: 8/11
  1743 | D:2      | Reached skill level 5 in Spellcasting
  2532 | D:2      | Reached XP level 4. HP: 24/24 MP: 13/13
  2558 | D:2      | Reached skill level 6 in Spellcasting
  2656 | D:2      | Found a shattered altar of Ashenzari.
  2832 | D:2      | Noticed Natasha
  2839 | D:2      | Killed Natasha
  3232 | D:2      | Reached skill level 5 in Conjurations
  3233 | D:2      | Became a worshipper of Ashenzari the Shackled
  4369 | D:4      | Slain by a scorpion

Vault maps used:
D:1:      dpeg_arrival_solitude, dk_noncrumbling_4, grunt_decor_resistance
D:2:      cheibrodos_greedy_goblins, ashenzari_altar_1, uniq_natasha
D:4:      lemuel_crystal_altar, lemuel_doored_altar, okawaru_trees_1,
          first_bread, roderic_bipointed_swastika

Skill      XL: |  1  2  3  4 |
---------------+-------------+-----
Spellcasting   | 4 5 6 |  6.0
Conjurations   | 5 |  5.3
Dodging        | |  2.4
Stealth        | |  2.4

Action                   |  1- 3 |  4- 6 || total
-------------------------+-------+-------++-------
Melee: Spear             |    75 |    11 ||    86
       Short sword       |     1 |       ||     1
 Cast: Magic Dart        |    41 |    12 ||    53
       Searing Ray       |       |    13 ||    13
Invok: Curse Item        |       |     2 ||     2
 Stab: Sleeping          |     8 |       ||     8
  Eat: Fruit             |     1 |       ||     1
       Chunk             |     4 |     5 ||     9
Armor: Robe              |     8 |     2 ||    10
Dodge: Dodged            |    38 |     8 ||    46
